AoeStats
← Sandeep_D_Cranky

Black Forest

509555283Analyzed
4v4 RM · 6d ago on Sep 27, 2026· 39m 37s· 8 players
Game mode
Random Map
Map size
Large (8 player)
Population
200
Speed
Normal
Resources
Standard
Victory
Conquest
Starting age
Dark Age
Ending age
Imperial Age
RankedLock teamsTeams togetherTeam positionsShared explorationLock speedFull tech treeHidden civsTurbo modeCheats
Victory
Defeat
🇨🇳 Britons · China
1376
+13
🇨🇳 Bulgarians · China
1287
+17
🇹🇼 Dravidians · Taiwan
1282
+17
🇨🇳 Persians · China
1241
+18
🇮🇳 Hindustanis · India
1370
-19
🇦🇷 Franks · Argentina
1367
-19
🇮🇳 Danes · India
1281
-15
🇮🇳 Celts · India
1207
-12
mydogqmi
10:49 Feudal Age
16:59 Castle Age
14:45 Fishing Lines
14:59 Double-Bit Axe
18:12 Bow Saw
19:52 Wheelbarrow
21:43 Gillnets
23:11 Town Watch
23:27 Fletching
23:54 Horse Collar
25:58 Hand Cart
30:30 Imperial Age
28:08 Gold Mining
28:08 Stone Mining
28:48 Ballistics
28:31 Padded Archer Armor
28:26 Bodkin Arrow
29:18 Leather Archer Armor
29:43 Heavy Plow
30:00 Forging
29:55 Murder Holes
30:11 Masonry
30:07 Loom
30:23 Town Patrol
30:36 Thumb Ring
31:21 Bracer
31:51 Ring Archer Armor
33:12 Scale Barding Armor
35:22 Chemistry
34:44 Elite Elephant Archer
35:29 Gambesons
35:45 Squires
37:38 Arrowslits
38:34 Caravan
39:37 Conscription
39:23 Medical Corps
39:55 Hoardings
40:14 Husbandry
海岛奇兵常凯申
1:09 Loom
9:37 Feudal Age
10:17 Double-Bit Axe
15:36 Wheelbarrow
17:54 Castle Age
19:24 Bow Saw
20:11 Fishing Lines
22:16 Gillnets
23:13 Gold Mining
24:59 Stone Mining
29:01 Imperial Age
27:05 Ballistics
26:37 Fletching
26:47 Padded Archer Armor
27:23 Masonry
28:12 Gold Shaft Mining
27:40 Bodkin Arrow
27:52 Pikeman
28:33 Squires
29:02 Yeomen
29:25 Hand Cart
30:21 Bracer
30:36 Leather Archer Armor
30:58 Conscription
30:39 Warwolf
30:49 Warwolf
32:29 Two-Man Saw
31:33 Elite Longbowman
32:20 Town Watch
33:37 Hoardings
34:53 Chemistry
33:33 Halberdier
34:37 Man-at-Arms
35:03 Gambesons
36:50 Siege Engineers
73624617386501790
2:52 Loom
9:59 Feudal Age
10:44 Double-Bit Axe
10:41 Horse Collar
18:07 Castle Age
19:38 Bow Saw
22:29 Heavy Plow
24:52 Fishing Lines
26:44 Wheelbarrow
26:56 Gold Mining
30:14 Imperial Age
27:53 Scale Mail Armor
28:19 Forging
29:20 Hand Cart
29:25 Chain Mail Armor
29:45 Iron Casting
30:18 Gold Shaft Mining
30:17 Capped Ram
31:30 Plate Mail Armor
32:00 Blast Furnace
31:21 Siege Ram
33:26 Squires
33:11 Arson
37:56 Crop Rotation
飘雪
10:08 Feudal Age
15:54 Castle Age
14:23 Double-Bit Axe
15:40 Horse Collar
16:31 Bow Saw
16:11 Horse Collar
16:55 Heavy Plow
19:59 Gold Mining
20:02 Stone Mining
22:11 Gold Shaft Mining
22:04 Fishing Lines
26:44 Wheelbarrow
25:55 Loom
27:44 Hand Cart
28:06 Gillnets
30:56 Imperial Age
29:41 Stone Shaft Mining
29:56 Forging
29:51 Scale Barding Armor
30:20 Bloodlines
30:10 Husbandry
30:52 Town Watch
31:35 Conscription
31:53 Iron Casting
31:39 Chain Barding Armor
31:38 Masonry
31:51 Elite War Elephant
33:51 Blast Furnace
33:26 Plate Barding Armor
33:39 Caravan
36:18 Crop Rotation
36:54 Two-Man Saw
39:01 Hoardings
Mikey
4:59 Loom
10:19 Feudal Age
18:09 Castle Age
16:50 Double-Bit Axe
16:48 Horse Collar
19:20 Heavy Plow
19:40 Bow Saw
24:59 Scale Mail Armor
29:34 Imperial Age
28:40 Chain Mail Armor
29:13 Forging
30:15 Squires
30:00 Arson
30:21 Squires
29:58 Onager
Lord_Wilfredo
1:05 Loom
12:01 Feudal Age
13:32 Double-Bit Axe
15:56 Castle Age
18:23 Wheelbarrow
29:22 Imperial Age
27:13 Scale Barding Armor
27:05 Town Watch
28:13 Fortified Wall
28:46 Chain Barding Armor
28:31 Gold Mining
29:45 Forging
29:38 Cavalier
30:10 Onager
31:19 Husbandry
32:00 Plate Barding Armor
32:32 Paladin
34:58 Iron Casting
35:17 Caravan
35:41 Bow Saw
37:02 Capped Ram
39:03 Pikeman
39:44 Squires
Sandeep_D_Cranky
10:08 Feudal Age
15:10 Castle Age
13:25 Horse Collar
16:22 Double-Bit Axe
16:38 Heavy Plow
18:33 Loom
25:04 Wheelbarrow
25:18 Bow Saw
25:08 Gold Mining
26:42 Hand Cart
27:35 Gold Shaft Mining
31:26 Imperial Age
30:01 Forging
29:52 Scale Mail Armor
30:04 Caravan
30:07 Stone Mining
30:53 Ballistics
30:46 Masonry
32:10 Chain Mail Armor
32:30 Iron Casting
32:58 Stone Shaft Mining
34:00 Chemistry
33:06 Siege Engineers
33:56 Grand Trunk Road
34:18 Conscription
35:35 Two-Man Saw
35:46 Shatagni
36:11 Conscription
36:11 Padded Archer Armor
36:01 Fletching
38:06 Elite Skirmisher
39:13 Leather Archer Armor
40:22 Blast Furnace
GAF
11:16 Feudal Age
15:00 Castle Age
12:50 Double-Bit Axe
16:00 Bow Saw
15:30 Horse Collar
17:04 Heavy Plow
19:10 Loom
22:33 Gold Mining
22:33 Stone Mining
23:53 Wheelbarrow
24:21 Stone Mining
25:06 Gold Shaft Mining
24:58 Hand Cart
28:56 Imperial Age
29:01 Loom
29:06 Onager
29:13 Heavy Scorpion
29:17 Capped Ram
30:45 Furor Celtica
30:26 Stronghold
30:57 Conscription
30:48 Caravan
31:18 Coinage
30:58 Guilds
32:00 Chemistry
31:26 Ballistics
31:02 Murder Holes
32:07 Siege Engineers
32:57 Banking
33:09 Stone Shaft Mining
32:10 Siege Ram
33:04 Fletching
38:47 Banking
Connection lost

Rejoining the realm…

Still unreachable

The connection could not be restored.

Session expired

The server has moved on; the page needs a fresh start.